 Dungeon Crawl Stone Soup version 0.29-a0-378-gc08b2e8bf8 (webtiles) character file.

Game seed: 15669730588782972015

374 happo123 the Ruffian (level 6, 0/91 HPs)
             Began as a Troll Berserker on May 5, 2022.
             Was a Believer of Trog.
             Succumbed to a killer bee's poison
             ... on level 5 of the Dungeon.
             The game lasted 00:13:52 (2917 turns).

happo123 the Ruffian (Troll Berserker)              Turns: 2917, Time: 00:13:53

Health: 0/91       AC:  5    Str: 28    XL:     6   Next: 43%
Magic:  5/5        EV: 10    Int:  3    God:    Trog [**....]
Gold:   266        SH:  0    Dex:  9    Spells: 5/5 levels left

rFire   + . .      SeeInvis .     - Unarmed
rCold   + . .      Faith    .   (no shield)
rNeg    + . .      Spirit   .   l - +1 robe {rC+ rF+}
rPois   .          Reflect  .   (helmet restricted)
rElec   .          Harm     .   (no cloak)
rCorr   .          Rampage  .   (gloves unavailable)
Will    ++...                   (boots unavailable)
Stlth   ..........              (no amulet)
HPRegen 2.05/turn               k - ring of positive energy
MPRegen 0.09/turn               v - ring of flight

@: berserking, lethally poisoned (0 -> -2), strong-willed, flying, regenerating,
very quick
A: large, unfitting armour, claws 3, regeneration 1, shaggy fur 1, tough skin 1
a: Renounce Religion, Berserk, Trog's Hand


You were on level 5 of the Dungeon.
You worshipped Trog.
Trog was pleased with you.
You visited 1 branch of the dungeon, and saw 5 of its levels.

You collected 316 gold pieces.
You spent 50 gold pieces at shops.

Inventory:

Hand Weapons
 j - a +0 dagger
 u - a +2 whip of electrocution
Missiles
 r - 2 throwing nets (quivered)
 t - 2 boomerangs
Armour
 a - a +0 animal skin
 l - a +1 robe of resistance (worn)
Jewellery
 k - a ring of positive energy (left claw)
 v - a ring of flight (right claw)
Wands
 q - a wand of flame (16)
Scrolls
 c - a scroll of immolation {unknown}
 e - a scroll of poison {unknown}
 g - 3 scrolls of silence
 h - 4 scrolls of identify
 i - a scroll of fog {unknown}
 m - a scroll of vulnerability {unknown}
 n - 3 scrolls of enchant weapon
 s - a scroll of torment {unknown}
 y - a scroll of noise {unknown}
Potions
 b - a potion of magic {unknown}
 d - a potion of heal wounds
 f - a potion of lignification {unknown}
 o - a potion of resistance {unknown}
 p - a potion of berserk rage {unknown}
 w - a potion of cancellation {unknown}
 x - a potion of invisibility {unknown}
 z - 2 potions of attraction {unknown}
 A - a potion of might {unknown}
 B - a potion of ambrosia {unknown}


   Skills:
 + Level 3.0 Fighting
 + Level 3.7 Dodging
 + Level 0.4 Stealth
 + Level 5.9 Unarmed Combat


You had 5 spell levels left.
You didn't know any spells.
Your spell library was empty.

Dungeon Overview and Level Annotations

Branches:
Dungeon (5/15)
 Temple: D:4-7

Altars:
Gozag

Shops:
D:2 ![


Innate Abilities, Weirdness & Mutations

You are too large for most types of armour.
You have claws for hands.
Your natural rate of healing is unusually fast.
You are covered in fur. (AC +1)
You have tough skin. (AC +1)


Message History

You feel yourself moving faster!
You feel mighty!
You feel very sick. The killer bee stings you.
* * * LOW HITPOINT WARNING * * *
The killer bee barely misses you.
You miss the killer bee.
The killer bee is almost dead.
You feel sick. The killer bee stings you.
* * * LOW HITPOINT WARNING * * *
You are more poisoned.
The killer bee poisons you! The killer bee stings you.
* * * LOW HITPOINT WARNING * * *
You miss the killer bee.
The killer bee is almost dead.
You feel very sick. The killer bee closely misses you.
You miss the killer bee.
The killer bee is almost dead.
You feel sick. The killer bee stings you.
* * * LOW HITPOINT WARNING * * *
You are lethally poisoned!
The killer bee poisons you!
You closely miss the killer bee.
The killer bee is almost dead.
* * * LOW HITPOINT WARNING * * *
You feel very sick. The killer bee misses you.
You mangle the killer bee!!
You kill the killer bee!
Trog accepts your kill.
* * * LOW HITPOINT WARNING * * *
You feel sick.
You claw the killer bee!
The killer bee is almost dead.
* * * LOW HITPOINT WARNING * * *
You feel sick.
The killer bee stings you but does no damage.
You miss the killer bee.
The killer bee is almost dead.
You die...

.## ... .y# #y# #.#
#y# #y# #+# #@#
####.### #.#
#......
###.####.##.## #
#........#...##.###
#.#.###............
#.#>......<..#
#.#####..##.##..#
#.#####.........#
#.......######.##


You could see 4 killer bees.

Vanquished Creatures
  An orc warrior (D:4)
  A black bear (D:4)
  A killer bee (D:5)
  2 orc priests
  A hound (D:4)
  A worm (D:2)
  2 dart slugs (D:1)
  8 orcs
  5 endoplasms
  3 giant cockroaches
  2 goblins
  5 hobgoblins
  3 quokkas
  3 ball pythons
  5 bats
  A frilled lizard (D:3)
  5 kobolds
  7 rats
56 creatures vanquished.

Notes
Turn   | Place    | Note
-------+----------+-------------------------------------------
     0 | D:1      | happo123 the Troll Berserker began the quest for the Orb.
     0 | D:1      | Reached XP level 1. HP: 22/22 MP: 0/0
    92 | D:1      | Found a faded altar of an unknown god.
   139 | D:1      | Reached XP level 2. HP: 13/29 MP: 1/1
   758 | D:2      | Found Usiheog's Armour Boutique.
   864 | D:2      | Found an opulent altar of Gozag.
   880 | D:2      | Found Ijigoack's Distillery.
   900 | D:2      | Bought a potion of heal wounds for 50 gold pieces
  1260 | D:2      | Reached XP level 3. HP: 36/36 MP: 2/2
  1710 | D:3      | Reached ** piety under Trog
  2137 | D:3      | Reached skill level 4 in Unarmed Combat
  2137 | D:3      | Reached XP level 4. HP: 31/44 MP: 3/3
  2393 | D:4      | Noticed an orc warrior
  2402 | D:4      | Killed an orc warrior
  2403 | D:4      | Reached XP level 5. HP: 52/52 MP: 4/4
  2408 | D:4      | Reached skill level 5 in Unarmed Combat
  2594 | D:4      | Noticed a black bear
  2601 | D:4      | Killed a black bear
  2602 | D:4      | Reached XP level 6. HP: 61/61 MP: 5/5
  2877 | D:5      | Entered Level 5 of the Dungeon
  2914 | D:5      | HP: 3/91 [poisoned by a killer bee]
  2916 | D:5      | HP: 1/91 [poisoned by a killer bee]
  2917 | D:5      | Succumbed to a killer bee's poison

Illustrated notes

Levels and vault maps discovered:
D:1:      tarquinn_simple_flora_water_b, layout_loops_ring,
          hellmonk_ecumenical_altar_run_dry, corner_web_ring,
          serial_park_tiny_pond
D:2:      layout_basic, basic_altar, serial_shops, shop_coins, shop_fountains
D:3:      layout_loops_corners
D:4:      layout_rooms
D:5:      layout_loops_corners, nicolae_wu_jian_wuxing_cycle,
          nicolae_shop_sticking_my_neck_out, uniq_crazy_yiuf_cottage,
          uniq_edmund

Skill      XL: |  1  2  3  4  5 |
---------------+----------------+-----
Dodging        | 3 |  3.7
Unarmed Combat | 4 5 |  5.9
Fighting       | 3 |  3.0
Stealth        | |  0.4

Action                   |  1- 3 |  4- 6 || total
-------------------------+-------+-------++-------
Melee: Unarmed           |    92 |    48 ||   140
       Punch             |     1 |     2 ||     3
Invok: Berserk           |       |     2 ||     2
       Trog's Hand       |       |     1 ||     1
  Use: Scroll            |     2 |       ||     2
       Potion            |       |     1 ||     1
Armor: Animal skin       |    11 |       ||    11
       Robe              |    25 |    16 ||    41
Dodge: Dodged            |    35 |    30 ||    65

Table legend: (Time is in decaauts)
 A = Elapsed time spent in this place.
 B = Non-inter-level travel time spent in this place.
 C = Inter-level travel time spent in this place.
 D = Time resting spent in this place.
 E = Time spent auto-exploring this place.
 F = Levels seen in this place.
 G = Mean time per level.
                   A        B        C        D        E       F      G
               +--------+--------+--------+--------+--------+-----+--------+
         Total |   2915 |   2219 |    696 |     51 |   1786 |   5 |  583.0 |
       Dungeon |   2915 |   2219 |    696 |     51 |   1786 |   5 |  583.0 |
               +--------+--------+--------+--------+--------+-----+--------+

Top non-repeatable levels by time:
     D:3: 839 daAuts
     D:2: 809 daAuts
     D:1: 738 daAuts
     D:4: 492 daAuts
     D:5: 36 daAuts
